 Dungeon Crawl Stone Soup version 0.29.0-4-gdea44cf6ec (webtiles) character file.

Game seed: 3358819074899633855

65 qw the Chopper (level 4, -1/26 HPs)
             Began as a Tengu Warper on Aug 28, 2022.
             Killed by nerve-wracking pain
             ... invoked by Grinder
              (11 damage)
             ... on level 3 of the Dungeon.
             The game lasted 00:00:10 (2314 turns).

qw the Chopper (Tengu Warper)                       Turns: 2314, Time: 00:00:10

Health: -1/26      AC:  4    Str: 19    XL:     4   Next: 13%
Magic:  8/8        EV: 12    Int: 13    God:
Gold:   83         SH:  0    Dex: 14    Spells: 7/7 levels left

rFire   . . .      SeeInvis .   Y - +0 hand axe
rCold   . . .      Faith    .   (no shield)
rNeg    . . .      Spirit   .   b - +0 leather armour
rPois   .          Reflect  .   (helmet restricted)
rElec   .          Harm     .   (no cloak)
rCorr   .          Rampage  .   f - +0 pair of gloves
Will    .....                   (boots unavailable)
Stlth   +.........              (no amulet)
HPRegen 0.08/turn               k - +6 ring of strength
MPRegen 0.11/turn               (no ring)

@: no status effects
A: beak, talons 3
a: no special abilities


You were on level 3 of the Dungeon.
You visited 1 branch of the dungeon, and saw 3 of its levels.

You collected 83 gold pieces.


Innate Abilities, Weirdness & Mutations

You have a beak for a mouth.
You have claws for feet.


   Skills:
 - Level 2.0 Fighting
 + Level 4.7 Axes
 - Level 1.0 Throwing
 - Level 1.1 Armour
 - Level 2.1 Dodging
 - Level 2.0 Spellcasting
 - Level 2.4 Translocations


You had 7 spell levels left.
You didn't know any spells.
Your spell library contained the following spells:

 Spells                   Type           Power      Damage    Failure   Level
 Blink                    Tloc           14%        N/A       17%         2
 Gell's Gravitas          Tloc           7%         N/A       34%         3
 Lesser Beckoning         Tloc           7%         N/A       34%         3
 Teleport Other           Tloc           7%         N/A       34%         3
 Manifold Assault         Tloc           7%         N/A       97%         5

Inventory:

Hand Weapons
 c - a +0 flail
 Y - a +0 hand axe (weapon)
Armour
 b - a +0 leather armour (worn)
 f - a +0 pair of gloves (worn)
Jewellery
 k - a +6 ring of strength (left hand)
Scrolls
 a - a scroll of teleportation
 l - a scroll of identify {unknown}
Potions
 d - a potion of curing {unknown}
 e - a potion of haste
 g - a potion of might {unknown}
 h - a potion of heal wounds {unknown}
 i - a potion of lignification {unknown}
 j - a potion of invisibility {unknown}

Dungeon Overview and Level Annotations

Branches:
Dungeon (3/15)

Altars:

Annotations:
D:3 Grinder


Message History

What level of the Dungeon? (default 1, ? - help)
There is a stone staircase leading down here.
You climb downwards.
There is a stone staircase leading up here.
Existing waypoints: (1) D:2 (2) D:1 Assign waypoint to what number? (0-9, D - delete waypoint) Waypoint 2 re-assigned from D:1 to D:3.
l - a scroll labelled ULEPIOTYRPH
Found a stone staircase leading up.
You now have 83 gold pieces (gained 5).
Grinder comes into view.
Found a glowing short sword.
Grinder shouts!
Grinder blinks!
2306 ||| Stepping ~*~*~tactically~*~*~ (hiding).
Grinder drinks a potion.
Grinder seems to speed up.
You hit Grinder. You claw Grinder.
Grinder is lightly wounded.
Grinder hits you but does no damage. x2
You barely miss Grinder. Your kick misses Grinder.
Grinder is lightly wounded.
Grinder barely misses you.
You hit Grinder but do no damage. You claw Grinder.
Grinder is moderately wounded.
Grinder hits you!
You writhe in agony.
Grinder closely misses you.
You hit Grinder. You claw Grinder.
Grinder is moderately wounded.
Grinder hits you but does no damage. Grinder gestures at you.
You resist with significant effort.
You closely miss Grinder. You claw Grinder.
Grinder is heavily wounded.
Grinder hits you but does no damage.
You completely miss Grinder. You claw Grinder, but do no damage.
Grinder is heavily wounded.
Grinder hits you.
You writhe in agony.
Grinder gestures at you. Pain shoots through your body!
You die...

#........#
..###..### ###
##.# #.# #.#
#.###########
####.##........#
#.......##.#.#.#
#.##.#..##....@#
# #.#..##....5#
#.#.........#
#.#..##.....#
.....##.....#
#.#####.....#
#<# #.....)
#######


You could see Grinder (fast).

Vanquished Creatures
  3 adders (D:2)
  A worm (D:2)
  A dart slug (D:1)
  4 bats (D:2)
  2 endoplasms
  2 goblins
  A hobgoblin (D:1)
  3 jackals (D:1)
  3 quokkas
  5 ball pythons
  A frilled lizard (D:2)
  3 kobolds (D:1)
  5 rats
34 creatures vanquished.

Notes
Turn   | Place    | Note
-------+----------+-------------------------------------------
     0 | D:1      | qw the Tengu Warper began the quest for the Orb.
     0 | D:1      | Reached XP level 1. HP: 12/12 MP: 4/4
     0 | D:1      | 0 ||| qw: Version: 0.1-a-89-g26bdef1
     0 | D:1      | 0 ||| qw: Game counter: 2510
     0 | D:1      | 0 ||| qw: Always use a shield: true
     0 | D:1      | 0 ||| qw: God list: Okawaru
     0 | D:1      | 0 ||| qw: Allow faded altars: false
     0 | D:1      | 0 ||| qw: Do Orc after D:15 true
     0 | D:1      | 0 ||| qw: Do second Lair branch before Depths: true
     0 | D:1      | 0 ||| qw: Lair rune preference: random
     0 | D:1      | 0 ||| qw: Plans: Normal
     0 | D:1      | 0 ||| PLANNING D:1-11
   223 | D:1      | 223 ||| Stepping ~*~*~tactically~*~*~ (stealth).
   344 | D:1      | Reached XP level 2. HP: 8/17 MP: 6/6
   345 | D:1      | Reached skill level 3 in Axes
  1079 | D:1      | 1079 ||| UPGRADING to +0 pair of gloves.
  1084 | D:1      | 1084 ||| READING 2 scrolls labelled JEAVYN JONEGGE.
  1089 | D:1      | 1089 ||| DROPPING scroll of blinking.
  1169 | D:2      | 1169 ||| DROPPING +0 whip.
  1279 | D:2      | Reached XP level 3. HP: 21/21 MP: 7/7
  1476 | D:2      | Reached skill level 4 in Axes
  2007 | D:2      | 2007 ||| Stepping ~*~*~tactically~*~*~ (stealth).
  2016 | D:2      | 2016 ||| Stepping ~*~*~tactically~*~*~ (stealth).
  2058 | D:2      | Reached XP level 4. HP: 26/26 MP: 8/8
  2212 | D:2      | 2212 ||| UPGRADING to +6 ring of strength.
  2305 | D:3      | Noticed Grinder
  2306 | D:3      | 2306 ||| Stepping ~*~*~tactically~*~*~ (hiding).
  2314 | D:3      | Killed from afar by Grinder

Levels and vault maps discovered:
D:1:      dpeg_arrival_windows_large_door, layout_basic
D:2:      layout_loops_cross
D:3:      layout_loops_cross, hellmonk_ecumenical_altar_inner_sanctum,
          minmay_crystal_room, uniq_grinder

Skill      XL: |  1  2  3 |
---------------+----------+-----
Axes           | 3 4 |  4.7
Fighting       | |  2.0
Throwing       | |  1.0
Armour         | |  1.1
Dodging        | |  2.1
Spellcasting   | |  2.0
Translocations | |  2.4

Action                   |  1- 3 |  4- 6 || total
-------------------------+-------+-------++-------
Melee: Hand axe          |    87 |    11 ||    98
       Kick              |    21 |     5 ||    26
       Peck              |     7 |     1 ||     8
Throw: Boomerang         |     7 |       ||     7
  Use: Scroll            |     1 |       ||     1
Armor: Leather armour    |    28 |     5 ||    33
Dodge: Dodged            |    35 |     4 ||    39

Table legend:
 A = Non-vault XP
 B = Vault XP
 C = Vault XP percentage of total XP
 D = Non-vault monster count
 E = Vault monster count
 F = Vault count percentage of total count
                 A         B        C        D         E       F
            +---------+---------+-------+---------+---------+-------
      Total |      93 |       0 |   0.0 |      34 |       0 |   0.0
            +---------+---------+-------+---------+---------+-------
        D:1 |      25 |       0 |   0.0 |      14 |       0 |   0.0
        D:2 |      68 |       0 |   0.0 |      20 |       0 |   0.0
            +---------+---------+-------+---------+---------+-------
